 Dungeon Crawl Stone Soup version 0.29-a0-1009-g60c99734e7 (webtiles) character file.

Game seed: 8215492589604171425

55 Sabo the Grasshopper (level 3, -1/31 HPs)
             Began as a Gnoll Warper on Aug 8, 2022.
             Was a Follower of Dithmenos.
             Slain by an orc
             ... wielding a +0 flail
              (7 damage)
             ... on level 3 of the Dungeon.
             The game lasted 00:11:55 (2747 turns).

Sabo the Grasshopper (Gnoll Warper)                 Turns: 2747, Time: 00:11:55

Health: -1/31      AC:  3    Str: 10    XL:     3   Next: 93%
Magic:  9/9        EV: 12    Int: 14    God:    Dithmenos [*.....]
Gold:   105        SH:  0    Dex: 11    Spells: 5/12 levels left

rFire   . . .      SeeInvis .   a - +0 hand axe
rCold   . . .      Faith    .   (no shield)
rNeg    . . .      Spirit   .   b - +0 leather armour
rPois   +          Reflect  .   (no helmet)
rElec   .          Harm     .   (no cloak)
rCorr   .          Rampage  .   (no gloves)
Will    .....                   (no boots)
Stlth   +.........              (no amulet)
HPRegen 0.10/turn               h - ring of poison resistance
MPRegen 0.11/turn               (no ring)

@: wreathed by umbra
A: fangs 1, strong nose, distributed training
a: Renounce Religion


You were on level 3 of the Dungeon.
You worshipped Dithmenos.
Dithmenos was aware of your devotion.
You visited 1 branch of the dungeon, and saw 3 of its levels.

You collected 105 gold pieces.

Inventory:

Hand Weapons
 a - a +0 hand axe (weapon)
 k - a +0 sling
Missiles
 d - 7 boomerangs of dispersal (quivered)
 o - 2 poisoned darts
Armour
 b - a +0 leather armour (worn)
Jewellery
 h - a ring of poison resistance (left hand)
Wands
 m - a wand of digging (4)
Scrolls
 c - a scroll of blinking
 f - a scroll of silence {unknown}
 i - a scroll of magic mapping
 l - a scroll of enchant armour {unknown}
 n - a scroll of identify {unknown}
 p - a scroll of acquirement {unknown}
 q - a scroll of brand weapon {unknown}
Potions
 e - 2 potions of degeneration {unknown}
 j - 2 potions of haste


   Skills:
 + Level 4.6 Fighting
 + Level 1.0 Short Blades
 + Level 1.0 Long Blades
 + Level 4.6 Axes
 + Level 1.0 Maces & Flails
 + Level 1.0 Polearms
 + Level 1.0 Staves
 + Level 1.0 Ranged Weapons
 + Level 2.7 Throwing
 + Level 2.7 Armour
 + Level 4.6 Dodging
 + Level 1.0 Stealth
 + Level 1.0 Shields
 + Level 1.0 Unarmed Combat
 + Level 5.0 Spellcasting
 + Level 0.7 Conjurations
 + Level 0.7 Hexes
 + Level 0.7 Summonings
 + Level 0.7 Necromancy
 + Level 5.4 Translocations
 + Level 0.7 Transmutations
 + Level 0.7 Fire Magic
 + Level 0.7 Ice Magic
 + Level 0.7 Air Magic
 + Level 0.7 Earth Magic
 + Level 0.7 Poison Magic
 + Level 1.1 Invocations
 + Level 1.0 Evocations


You had 5 spell levels left.
You knew the following spells:

 Your Spells              Type           Power      Damage    Failure   Level
a - Blink                 Tloc           36%        N/A       3%          2
b - Teleport Other        Tloc           18%        N/A       8%          3
c - Searing Ray           Conj           10%        2d4       26%         2

Your spell library contained the following spells:

 Spells                   Type           Power      Damage    Failure   Level
 Gell's Gravitas          Tloc           18%        N/A       8%          3
 Lesser Beckoning         Tloc           18%        N/A       8%          3
 Magic Dart               Conj           20%        1d4       17%         1
 Manifold Assault         Tloc           18%        N/A       56%         5
 Fulminant Prism          Conj/Hex       2%         3d6       86%         4


Dungeon Overview and Level Annotations

Branches:
Dungeon (3/15)

Altars:
Dithmenos
Elyvilon


Innate Abilities, Weirdness & Mutations

You have very sharp teeth.
Your uncanny sense of smell can sniff out nearby items.
Your experience applies equally to all skills.


Message History

The adder barely misses you.
You closely miss the adder.
The adder is almost dead.
The adder closely misses you. The adder completely misses you.
You closely miss the adder.
The adder is almost dead.
The adder barely misses you.
You closely miss the adder.
The adder is almost dead.
The adder bites you. x2
You are poisoned.
The adder poisons you!
You hit the adder but do no damage.
The adder is almost dead.
You feel sick. The adder closely misses you.
You barely miss the adder.
The adder is almost dead.
You feel sick. The adder bites you but does no damage. The adder misses you.
You hit the adder.
You kill the adder!
Dithmenos accepts your kill.
You feel sick.
You completely miss the orc.
You feel sick.
You are no longer poisoned.
The orc misses you.
The orc priest calls down the wrath of Beogh upon you.
Beogh smites you!
* * * LOW HITPOINT WARNING * * *
You hear a shout!
You hit the orc.
The orc is heavily wounded.
The orc barely misses you.
The orc priest looks satisfied for a moment.
You barely miss the orc.
The orc is heavily wounded.
The orc misses you.
You closely miss the orc. You bite the orc, but do no damage.
The orc is heavily wounded.
The orc hits you with a +0 flail!
You die...

#...........
####.#######
#.# #.# ##.#
#..# #.##
#.####.####.###
#.....@oooo...
#.####.########
#.# ..# #..#
#..# #..# #..#


You could see an orc priest and 3 orcs.

Vanquished Creatures
  2 adders
  2 dart slugs (D:1)
  3 bats
  2 endoplasms (D:1)
  2 goblins (D:1)
  6 hobgoblins
  5 kobolds
  2 quokkas (D:1)
  A ball python (D:2)
  2 frilled lizards (D:1)
  4 rats
31 creatures vanquished.

Notes
Turn   | Place    | Note
-------+----------+-------------------------------------------
     0 | D:1      | Sabo the Gnoll Warper began the quest for the Orb.
     0 | D:1      | Reached XP level 1. HP: 20/20 MP: 6/6
   370 | D:1      | Reached XP level 2. HP: 18/26 MP: 7/7
   616 | D:1      | Learned a level 2 spell: Blink
  1373 | D:1      | Reached skill level 5 in Spellcasting
  1373 | D:1      | Reached XP level 3. HP: 28/31 MP: 7/9
  1742 | D:1      | Found a faded altar of an unknown god.
  1747 | D:1      | Prayed at the altar of an unknown god.
  1747 | D:1      | Became a worshipper of Dithmenos the Shadowed
  1747 | D:1      | Reached * piety under Dithmenos
  1985 | D:2      | Reached skill level 1 in Invocations
  2084 | D:2      | Found a white marble altar of Elyvilon.
  2306 | D:2      | Reached skill level 1 in Short Blades
  2306 | D:2      | Reached skill level 1 in Long Blades
  2306 | D:2      | Reached skill level 1 in Maces & Flails
  2306 | D:2      | Reached skill level 1 in Polearms
  2306 | D:2      | Reached skill level 1 in Staves
  2306 | D:2      | Reached skill level 1 in Ranged Weapons
  2306 | D:2      | Reached skill level 1 in Stealth
  2306 | D:2      | Reached skill level 1 in Shields
  2306 | D:2      | Reached skill level 1 in Unarmed Combat
  2306 | D:2      | Reached skill level 1 in Evocations
  2317 | D:2      | Learned a level 3 spell: Teleport Other
  2369 | D:2      | Learned a level 2 spell: Searing Ray
  2747 | D:3      | Slain by an orc

Illustrated notes

Levels and vault maps discovered:
D:1:      scummos_arrival_gate, layout_basic, chequers_ecumenical_altar_lobes,
          nrook_mini_backslash
D:2:      layout_rooms, basic_altar
D:3:      layout_loops_ring, gammafunk_temple_overflow_forgotten, serial_shops,
          shop_statue, uniq_grinder

Skill      XL: |  1  2  3 |
---------------+----------+-----
Spellcasting   | 5 |  5.0
Invocations    | 1 |  1.1
Short Blades   | 1 |  1.0
Long Blades    | 1 |  1.0
Maces & Flails | 1 |  1.0
Polearms       | 1 |  1.0
Staves         | 1 |  1.0
Ranged Weapons | 1 |  1.0
Stealth        | 1 |  1.0
Shields        | 1 |  1.0
Unarmed Combat | 1 |  1.0
Evocations     | 1 |  1.0
Fighting       | |  4.6
Axes           | |  4.6
Throwing       | |  2.7
Armour         | |  2.7
Dodging        | |  4.6
Conjurations   | |  0.7
Hexes          | |  0.7
Summonings     | |  0.7
Necromancy     | |  0.7
Translocations | |  5.4
Transmutations | |  0.7
Fire Magic     | |  0.7
Ice Magic      | |  0.7
Air Magic      | |  0.7
Earth Magic    | |  0.7
Poison Magic   | |  0.7

Action                   || total
-------------------------++-------
Melee: Hand axe          ||   125
       Bite              ||     7
       Punch             ||     1
  Use: Scroll            ||     2
Armor: Leather armour    ||    27
Dodge: Dodged            ||    76

Table legend: (Time is in decaauts)
 A = Elapsed time spent in this place.
 B = Non-inter-level travel time spent in this place.
 C = Inter-level travel time spent in this place.
 D = Time resting spent in this place.
 E = Time spent auto-exploring this place.
 F = Levels seen in this place.
 G = Mean time per level.
                   A        B        C        D        E       F      G
               +--------+--------+--------+--------+--------+-----+--------+
         Total |   2755 |   2755 |      0 |   1228 |      0 |   3 |  918.3 |
       Dungeon |   2755 |   2755 |      0 |   1228 |      0 |   3 |  918.3 |
               +--------+--------+--------+--------+--------+-----+--------+

Top non-repeatable levels by time:
     D:1: 1957 daAuts
     D:2: 752 daAuts
     D:3: 45 daAuts
